 Dungeon Sprint DCSS version 0.20-a0-1122-gb7cbeb9 (webtiles) character file.

14000000 potatolord6000 the Invulnerable (level 27, -26/296 (298) HPs)
             Began as a Deep Dwarf Fighter on May 10, 2017.
             Was the Champion of Makhleb.
             Annihilated by a destroyer
             ... wielding a +9 great sword of slicing
              (150 damage)
             ... in the Dungeon (Sprint VIII: "Arena of Blood") on May 11, 2017.
             The game lasted 00:07:39 (140 turns).

potatolord6000 the Invulnerable (Deep Dwarf Fighter) Turns: 140, Time: 00:07:40

HP:   -26/296 (298) AC: 13    Str: 32    XL:     27
MP:   50/54         EV: 26    Int: 10    God:    Makhleb [******]
Gold: 0             SH:  0    Dex: 12    Spells: 80/80 levels left

rFire    . . .     SeeInvis .   a - +∞ Axe of Woe
rCold    . . .     Gourm    .   (shield currently unavailable)
rNeg     + . .     Faith    .   b - +0 scale mail
rPois    .         Spirit   .   (no helmet)
rElec    .         Reflect  .   (no cloak)
rCorr    .         Harm     .   (no gloves)
MR       ++++.     NoTele   +   (no boots)
Stlth    ++++++++..             (no amulet)
Regen    0.0/turn               o - +200 ring of slaying
MPRegen  0.4/turn               n - +250 ring of slaying

@: lethally poisoned (-26 -> -26), non-regenerating
A: damage resistance, heal wounds, negative energy resistance 1, sense
surroundings 3, no regeneration
a: Heal Wounds, Minor Destruction, Lesser Servant of Makhleb, Major Destruction,
Greater Servant of Makhleb, Renounce Religion


You were in the Dungeon.
You worshipped Makhleb.
Makhleb was exalted by your worship.
You were not hungry.

You visited 1 branch

Inventory:

Hand Weapons
 a - the +∞ Axe of Woe (weapon)
   (You found it in the Dungeon)
Armour
 b - a +0 scale mail (worn)
 c - a +0 shield
Jewellery
 l - a +30 ring of slaying
 m - a +30 ring of slaying
 n - a +250 ring of slaying (right hand)
 o - a +200 ring of slaying (left hand)
Scrolls
 k - a scroll of blinking
Potions
 d - a potion of might
 e - a potion of curing
 g - a potion of heal wounds
 h - a potion of haste
 i - 2 potions of magic
 j - a potion of berserk rage
Comestibles
 f - a bread ration


   Skills:
 O Level 27 Fighting
 O Level 27 Axes
 O Level 27 Throwing
 O Level 27 Armour
 O Level 27 Dodging
 O Level 27 Stealth
 O Level 27 Shields
 O Level 27 Unarmed Combat
 O Level 27 Spellcasting
 O Level 27 Invocations


You had 80 spell levels left.
You didn't know any spells.

Dungeon Overview and Level Annotations

Branches:
Dungeon (1/1)

Altars:
Makhleb


Innate Abilities, Weirdness & Mutations

You are resistant to damage.
You can heal yourself by infusing magical energy.
You resist negative energy. (rN+)
You passively map a large area around you.
You do not regenerate.


Message History

Things that are here:
a +9 great mace; a +400 ring of slaying You hear a shout! x3
The meat beast misses you. The meat beast closely misses you.
The eight-headed meat hydra calls on the powers of darkness!
The eight-headed meat hydra convulses!
The fleshlord convulses!
The scourge convulses!
The scourge hisses angrily.
The fleshlord convulses!
Your body is wracked with pain!
The fleshlord convulses!
You hear a shout! x4
The accursed gestures at you while chanting.
Something smites you!
You hear a shout!
Unknown command.
You hear a shout! x2
The bag of meat hits you with a +9 war axe!!
The destroyer hits you with a +9 great sword of slicing!!!!!
Ouch! That really hurt!
You die...

, ,,, ....... .. .. , ,,
####...S.##.##....... ,
,,
,*.....................
, ,, ,
#..........#.#M...... ,
, #..................##
, ,,
#...................,, ,
..#....S)............ ,
, ,.....M))x))Mo........
, , ,
.......zp)))p@....... ,
, , ,
......#))))2V.#......,,
, ,, ,#..p..#..)x...#
..... ,, , ,, *
....###.......###.... ,
,,........)###.p.......,
, , M#.......)_).D....
.. ,,, ,
,O.....#)))).#.S.. .*,
,, , ......#_)<)_#....,
, ,,, , ,......#)))..#
.. * * ,


You could see 2 accurseds, a meat beast, an eight-headed meat hydra, a
destroyer, 2 scourges, 3 fleshlords, a sculptor of flesh, 2 small abominations
and a bag of meat.

Vanquished Creatures
  5 hell knights (D)
  7 hell beasts (D)
  3 greater mummies (D)
  6 great orbs of eyes (D)
  6 wraiths (D)
  13 vampire knights (D)
  3 two-headed ogres (D)
  12 liches (D)
  2 hydras (D)
  66 orcs (D)
  4 phantoms (D)
  8 skeletal warriors (D)
  A sea snake (D)
  7 large abominations (D)
  11 small abominations (D)
  14 crawling corpses (D)
  31 ogres (D)
199 creatures vanquished.

Notes
Turn   | Place    | Note
-------+----------+-------------------------------------------
     0 | D        | potatolord6000 the Deep Dwarf Fighter began the quest for the Orb.
     0 | D        | Reached XP level 1. HP: 20/20 MP: 1/1
     3 | D        | Noticed a bag of meat
     4 | D        | Noticed a bag of meat
     5 | D        | Noticed a meat berserker
     6 | D        | Noticed a bag of meat
     9 | D        | Noticed a bag of meat
     9 | D        | Killed a meat berserker
     9 | D        | Reached XP level 2. HP: 56/56 MP: 2/2
     9 | D        | Reached XP level 3. HP: 63/63 MP: 3/3
     9 | D        | Reached XP level 4. HP: 72/72 MP: 4/4
     9 | D        | Reached XP level 5. HP: 80/80 MP: 5/5
     9 | D        | Reached XP level 6. HP: 88/88 MP: 6/6
     9 | D        | Reached XP level 7. HP: 96/96 MP: 7/7
     9 | D        | Reached XP level 8. HP: 104/104 MP: 8/8
     9 | D        | Gained mutation: You passively map the area around you. [Deep Dwarf growth]
     9 | D        | Reached XP level 9. HP: 112/112 MP: 9/9
     9 | D        | Reached XP level 10. HP: 121/121 MP: 10/10
     9 | D        | Reached XP level 11. HP: 128/128 MP: 11/11
     9 | D        | Reached XP level 12. HP: 136/136 MP: 12/12
     9 | D        | Reached XP level 13. HP: 145/145 MP: 13/13
     9 | D        | Killed a bag of meat
    10 | D        | Noticed a bag of meat
    10 | D        | Noticed a meat berserker
    10 | D        | Noticed a meat berserker
    10 | D        | Noticed a meat berserker
    10 | D        | Killed a bag of meat
    10 | D        | Reached skill level 15 in Axes
    10 | D        | Reached skill level 10 in Stealth
    10 | D        | Gained mutation: You resist negative energy. (rN+) [Deep Dwarf growth]
    10 | D        | Reached XP level 14. HP: 160/160 MP: 14/14
    11 | D        | Killed a bag of meat
    11 | D        | Killed a meat berserker
    11 | D        | Reached XP level 15. HP: 175/175 MP: 15/15
    12 | D        | Killed a meat berserker
    12 | D        | Reached XP level 16. HP: 188/188 MP: 16/16
    13 | D        | Killed a meat berserker
    13 | D        | Reached skill level 27 in Armour
    13 | D        | Reached XP level 17. HP: 180/202 MP: 17/17
    14 | D        | Reached skill level 27 in Stealth
    15 | D        | Noticed a meat berserker
    15 | D        | Upgraded the game from 0.20-a0-1121-gbb42413 to 0.20-a0-1122-gb7cbeb9
    16 | D        | Reached skill level 27 in Fighting
    16 | D        | Reached skill level 27 in Axes
    17 | D        | Noticed a meat berserker
    17 | D        | Gained mutation: You passively map a large area around you. [Deep Dwarf growth]
    17 | D        | Reached XP level 18. HP: 194/218 MP: 18/18
    19 | D        | Reached skill level 27 in Shields
    20 | D        | Killed a meat berserker
    20 | D        | Reached skill level 27 in Dodging
    20 | D        | Reached XP level 19. HP: 201/226 MP: 18/25
    21 | D        | Noticed a large bag of meat
    21 | D        | Killed a meat berserker
    24 | D        | Became a worshipper of Makhleb the Destroyer
    25 | D        | Reached skill level 15 in Throwing
    25 | D        | Reached skill level 15 in Unarmed Combat
    25 | D        | Reached * piety under Makhleb
    25 | D        | Reached skill level 15 in Spellcasting
    26 | D        | Reached XP level 20. HP: 210/236 MP: 19/41
    28 | D        | Noticed a meat berserker
    28 | D        | Killed a large bag of meat
    28 | D        | Reached ** piety under Makhleb
    29 | D        | Reached *** piety under Makhleb
    29 | D        | Reached XP level 21. HP: 244/244 MP: 19/47
    30 | D        | Noticed a destroyer
    30 | D        | Noticed a destroyer
    30 | D        | Noticed a destroyer
    31 | D        | Noticed a destroyer
    31 | D        | Noticed a destroyer
    32 | D        | Killed a destroyer
    32 | D        | Reached skill level 27 in Throwing
    32 | D        | Reached skill level 27 in Unarmed Combat
    33 | D        | Reached **** piety under Makhleb
    33 | D        | Reached skill level 27 in Spellcasting
    33 | D        | Reached XP level 22. HP: 245/254 MP: 20/53
    34 | D        | Killed a destroyer
    34 | D        | Reached skill level 27 in Invocations
    35 | D        | Killed a destroyer
    35 | D        | Killed a destroyer
    35 | D        | Reached XP level 23. HP: 262/262 MP: 21/54
    36 | D        | Noticed a destroyer
    37 | D        | Noticed a destroyer
    37 | D        | Noticed a large bag of meat
    37 | D        | Reached ***** piety under Makhleb
    37 | D        | Killed a destroyer
    38 | D        | Reached XP level 24. HP: 272/272 MP: 22/54
    39 | D        | Noticed a destroyer
    40 | D        | Killed a destroyer
    41 | D        | Killed a destroyer
    43 | D        | Killed a large bag of meat
    43 | D        | Reached XP level 25. HP: 280/280 MP: 23/54
    44 | D        | Noticed a destroyer
    44 | D        | Killed a destroyer
    44 | D        | Reached ****** piety under Makhleb
    47 | D        | Noticed a destroyer
    47 | D        | Noticed an accursed
    49 | D        | Noticed a destroyer
    49 | D        | Noticed a tyrant
    50 | D        | Noticed a destroyer
    50 | D        | Reached XP level 26. HP: 290/290 MP: 24/54
    52 | D        | Killed a destroyer
    53 | D        | Killed a tyrant
    54 | D        | Reached XP level 27. HP: 291/298 MP: 25/54
    54 | D        | Killed a destroyer
    56 | D        | Noticed a tyrant
    58 | D        | Killed a destroyer
    59 | D        | Noticed a tyrant
    60 | D        | Noticed a tyrant
    62 | D        | Noticed a meat beast
    63 | D        | Noticed a dread
    64 | D        | Killed an accursed
    65 | D        | Noticed a tyrant
    65 | D        | Noticed a meat beast
    66 | D        | Killed a meat beast
    68 | D        | Noticed a large bag of meat
    69 | D        | Killed a tyrant
    69 | D        | Killed a meat beast
    69 | D        | Killed a destroyer
    70 | D        | Killed a tyrant
    71 | D        | Killed a dread
    72 | D        | Noticed a meat beast
    74 | D        | Noticed a dread
    75 | D        | Killed a meat beast
    75 | D        | Killed a tyrant
    80 | D        | Killed a large bag of meat
    83 | D        | Noticed a meat beast
    86 | D        | Noticed a meat beast
    87 | D        | Killed a tyrant
    87 | D        | Killed a dread
    88 | D        | Noticed a dread
    88 | D        | Noticed a meat beast
    89 | D        | Noticed a meat beast
    90 | D        | Killed a meat beast
    92 | D        | Noticed a tyrant
    94 | D        | Noticed a destroyer
    95 | D        | Noticed an accursed
    95 | D        | Killed a tyrant
    97 | D        | Noticed a tyrant
    97 | D        | Noticed a tyrant
    98 | D        | Noticed a dread
    98 | D        | Noticed a tyrant
    98 | D        | Killed an accursed
    98 | D        | Noticed a tyrant
   103 | D        | Killed a meat beast
   105 | D        | Noticed a tyrant
   105 | D        | Noticed a tyrant
   105 | D        | Noticed an accursed
   106 | D        | Killed a dread
   106 | D        | Killed a dread
   107 | D        | Killed a destroyer
   107 | D        | Killed a tyrant
   109 | D        | Killed a tyrant
   109 | D        | Killed a tyrant
   111 | D        | Killed a tyrant
   111 | D        | Killed a tyrant
   112 | D        | Killed a tyrant
   115 | D        | Noticed a dread
   116 | D        | Noticed a dread
   117 | D        | Killed a meat beast
   118 | D        | Noticed a fleshlord
   119 | D        | Noticed a fleshlord
   121 | D        | Noticed an accursed
   121 | D        | Killed a fleshlord
   125 | D        | Killed a fleshlord
   128 | D        | Noticed a fleshlord
   128 | D        | Killed an accursed
   129 | D        | Noticed a fleshlord
   129 | D        | Killed a dread
   130 | D        | Noticed an accursed
   131 | D        | Noticed a fleshlord
   132 | D        | Noticed a meat beast
   132 | D        | Noticed a fleshlord
   132 | D        | Noticed a fleshlord
   132 | D        | Killed a dread
   134 | D        | Noticed a destroyer
   134 | D        | Noticed an accursed
   134 | D        | Noticed a meat beast
   135 | D        | Killed a fleshlord
   135 | D        | Killed a fleshlord
   136 | D        | Noticed a fleshlord
   137 | D        | Killed a fleshlord
   137 | D        | Killed a meat beast
   140 | D        | Annihilated by a destroyer

Vault maps used:
D:        meatsprint

Skill      XL: |  1  2  3  4  5  6  7  8  9 10 11 12 13 14 15 16 17 18 19 20 21 22 |
---------------+-------------------------------------------------------------------+-----
Fighting       | 17 19 22 23 25 27 | 27.0
Axes           | 12 15 19 21 24 27 | 27.0
Armour         | 19 22 25 26 27 | 27.0
Shields        | 18 20 24 27 | 27.0
Stealth        | 10 18 21 25 27 | 27.0
Dodging        | 16 27 | 27.0
Throwing       | 4 18 23 27 | 27.0
Unarmed Combat | 4 18 23 27 | 27.0
Spellcasting   | 4 17 22 27 | 27.0
Invocations    | 20 27 | 27.0

Action                   |  1- 3 |  4- 6 |  7- 9 | 10-12 | 13-15 | 16-18 | 19-21 | 22-24 | 25-27 || total
-------------------------+-------+-------+-------+-------+-------+-------+-------+-------+-------++-------
Melee: Executioner's axe |     1 |       |       |       |     3 |     7 |    10 |     8 |    65 ||    94
Invok: Greater Servant o |       |       |       |       |       |       |       |       |     2 ||     2
Armor: Scale mail        |       |       |       |       |       |       |       |       |    14 ||    14
Dodge: Dodged            |       |       |       |       |       |       |       |       |    18 ||    18
